[ AOE2 MATCH · #505841307 ]
UnrankedMaya vs Mongols
Player's team · LOSS
Rival team · WIN
[ REPLAY ANALYSIS · EXTRACTED FROM THE RECORDED GAME ]
Feudal
13:01
Castle
18:28
Imperial
—
| APM avg | 41.5 |
| APM peak | 72 |
| eAPM avg | 25.5 |
| Villagers / military | 138 / 27 |
Focus
⚔️ 34.1% · 🌾 65.9%
Plumed Archer ×21 · Mangonel ×4 · Militia ×2
Feudal
8:34
Castle
20:00
Imperial
35:15
| APM avg | 74.6 |
| APM peak | 120 |
| eAPM avg | 41.8 |
| Villagers / military | 145 / 60 |
Focus
⚔️ 48.2% · 🌾 51.8%
Archer ×29 · Cavalry Archer ×21 · Scout Cavalry ×4 · Monk ×2 · Knight ×2 · Mangonel ×2
Match map
Initial resources + every placement click. Lines = walls · curves = elevation contours. ◆ gold · ⬟ stone · ● berries · ✦ relic · ◌ wall gap
Your base· ✓ Closed at 18:28 · 53t walls · no gate
Schrödinger's base· Open — opponent sealed themselves in
Smoothed initial terrain · ◌ = detected wall gap · hover for details
Inputs per minute
— Axolotl-Flöten-Beschwörer - - Schrödinger
Build order — Axolotl-Flöten-Beschwörer
First 150 of 293 actions detected
| 0:00 | Create | Villager (Male) |
| 0:02 | Research | Loom |
| 0:03 | Build | House |
| 0:29 | Create | Villager (Male) |
| 0:29 | Create | Villager (Male) |
| 0:29 | Create | Villager (Male) |
| 1:24 | Create | Villager (Male) |
| 1:35 | Build | House |
| 2:09 | Create | Villager (Male) |
| 2:27 | Build | Lumber Camp |
| 2:31 | Create | Villager (Male) |
| 2:57 | Create | Villager (Male) |
| 2:57 | Create | Villager (Male) |
| 3:19 | Create | Villager (Male) |
| 3:19 | Create | Villager (Male) |
| 3:46 | Create | Villager (Male) |
| 3:46 | Create | Villager (Male) |
| 3:46 | Create | Villager (Male) |
| 3:49 | Build | House |
| 4:34 | Create | Villager (Male) |
| 4:53 | Create | Villager (Male) |
| 4:53 | Create | Villager (Male) |
| 4:53 | Create | Villager (Male) |
| 5:36 | Build | Barracks |
| 6:09 | Build | House |
| 6:23 | Create | Villager (Male) |
| 6:30 | Build | House |
| 6:46 | Create | Militia |
| 6:46 | Create | Militia |
| 6:49 | Create | Villager (Male) |
| 7:14 | Build | Palisade Wall |
| 7:17 | Create | Villager (Male) |
| 7:30 | Create | Villager (Male) |
| 7:59 | Build | Mill |
| 8:04 | Create | Villager (Male) |
| 8:38 | Create | Villager (Male) |
| 8:54 | Build | Palisade Wall |
| 8:58 | Create | Villager (Male) |
| 9:00 | Build | Palisade Wall |
| 9:20 | Build | Palisade Wall |
| 9:36 | Create | Villager (Male) |
| 9:52 | Build | Mill |
| 9:57 | Create | Villager (Male) |
| 10:04 | Build | House |
| 10:25 | Create | Villager (Male) |
| 10:30 | Build | Palisade Wall |
| 10:33 | Research | Feudal Age |
| 10:36 | Build | Farm |
| 10:37 | Build | Farm |
| 11:08 | Build | Palisade Wall |
| 11:23 | Build | Palisade Wall |
| 11:35 | Build | Palisade Wall |
| 11:36 | Create | Villager (Male) |
| 11:38 | Build | Mining Camp |
| 11:49 | Create | Villager (Male) |
| 12:07 | Build | Farm |
| 12:35 | Build | Farm |
| 13:01 | Age | Feudal Age |
| 13:25 | Build | Market |
| 13:31 | Create | Villager (Male) |
| 13:41 | Build | House |
| 13:50 | Build | House |
| 13:54 | Create | Villager (Male) |
| 14:26 | Build | Blacksmith |
| 14:54 | Create | Villager (Male) |
| 14:57 | Build | Farm |
| 15:01 | Build | House |
| 15:23 | Create | Villager (Male) |
| 15:28 | Build | Palisade Wall |
| 15:31 | Build | House |
| 15:33 | Research | Castle Age |
| 15:33 | Research | Castle Age |
| 16:03 | Build | House |
| 16:06 | Build | House |
| 16:08 | Build | House |
| 16:22 | Build | House |
| 17:04 | Create | Villager (Male) |
| 17:18 | Create | Villager (Male) |
| 17:54 | Build | House |
| 18:10 | Create | Villager (Male) |
| 18:19 | Build | Market |
| 18:28 | Age | Castle Age |
| 18:29 | Build | House |
| 18:32 | Build | Town Center |
| 18:43 | Build | Market |
| 18:54 | Create | Villager (Male) |
| 19:09 | Build | Town Center |
| 19:13 | Research | Double-Bit Axe |
| 19:13 | Research | Horse Collar |
| 19:28 | Build | House |
| 19:29 | Build | House |
| 19:37 | Create | Villager (Male) |
| 19:51 | Build | Town Center |
| 19:55 | Build | Town Center |
| 19:56 | Create | Villager (Male) |
| 20:04 | Create | Villager (Male) |
| 20:04 | Create | Villager (Male) |
| 20:10 | Build | House |
| 20:11 | Build | House |
| 20:13 | Create | Villager (Male) |
| 20:17 | Create | Villager (Male) |
| 20:17 | Create | Villager (Male) |
| 20:19 | Build | Farm |
| 20:23 | Build | Farm |
| 20:24 | Build | Farm |
| 20:26 | Create | Villager (Male) |
| 20:32 | Create | Villager (Male) |
| 20:32 | Create | Villager (Male) |
| 20:36 | Create | Villager (Male) |
| 20:36 | Create | Villager (Male) |
| 20:36 | Create | Villager (Male) |
| 20:39 | Build | Farm |
| 20:42 | Build | Farm |
| 20:46 | Build | Farm |
| 20:47 | Build | Farm |
| 20:48 | Build | Farm |
| 21:10 | Create | Villager (Male) |
| 21:11 | Create | Villager (Male) |
| 21:20 | Build | Lumber Camp |
| 21:32 | Build | Farm |
| 21:32 | Build | Farm |
| 21:33 | Create | Villager (Male) |
| 21:33 | Create | Villager (Male) |
| 21:33 | Create | Villager (Male) |
| 21:37 | Build | House |
| 21:50 | Create | Villager (Male) |
| 21:50 | Create | Villager (Male) |
| 22:01 | Create | Villager (Male) |
| 22:02 | Create | Villager (Male) |
| 22:03 | Build | Siege Workshop |
| 22:17 | Create | Villager (Male) |
| 22:17 | Create | Villager (Male) |
| 22:17 | Create | Villager (Male) |
| 22:17 | Create | Villager (Male) |
| 22:19 | Create | Villager (Male) |
| 22:36 | Create | Mangonel |
| 22:36 | Create | Mangonel |
| 22:39 | Create | Villager (Male) |
| 22:39 | Create | Villager (Male) |
| 22:51 | Research | Gold Mining |
| 23:01 | Create | Villager (Male) |
| 23:02 | Create | Villager (Male) |
| 23:07 | Build | Farm |
| 23:12 | Build | Farm |
| 23:21 | Build | Lumber Camp |
| 23:22 | Create | Villager (Male) |
| 23:22 | Create | Villager (Male) |
| 23:22 | Create | Villager (Male) |
| 23:30 | Build | House |
| 23:50 | Create | Villager (Male) |
Build order — Schrödinger
First 150 of 354 actions detected
| 0:01 | Create | Villager (Male) |
| 0:01 | Create | Villager (Male) |
| 0:02 | Build | House |
| 0:03 | Build | House |
| 0:07 | Create | Villager (Male) |
| 0:12 | Create | Villager (Male) |
| 1:25 | Create | Villager (Male) |
| 1:38 | Build | Lumber Camp |
| 2:00 | Create | Villager (Male) |
| 2:24 | Create | Villager (Male) |
| 2:28 | Create | Villager (Male) |
| 2:53 | Create | Villager (Male) |
| 3:03 | Create | Villager (Male) |
| 3:45 | Create | Villager (Male) |
| 3:49 | Create | Villager (Male) |
| 4:15 | Create | Villager (Male) |
| 4:20 | Build | House |
| 4:33 | Create | Villager (Male) |
| 5:10 | Build | Mill |
| 5:53 | Create | Villager (Male) |
| 6:24 | Research | Feudal Age |
| 6:25 | Research | Feudal Age |
| 6:50 | Build | Barracks |
| 6:56 | Build | House |
| 6:59 | Research | Loom |
| 7:14 | Create | Villager (Male) |
| 7:49 | Create | Villager (Male) |
| 8:25 | Create | Villager (Male) |
| 8:34 | Age | Feudal Age |
| 8:36 | Build | Stable |
| 8:38 | Research | Double-Bit Axe |
| 9:03 | Create | Villager (Male) |
| 9:15 | Create | Villager (Male) |
| 9:28 | Create | Villager (Male) |
| 9:35 | Create | Scout Cavalry |
| 9:35 | Create | Scout Cavalry |
| 9:38 | Build | House |
| 9:39 | Create | Villager (Male) |
| 9:51 | Build | Farm |
| 9:52 | Build | Farm |
| 9:53 | Research | Horse Collar |
| 9:59 | Create | Scout Cavalry |
| 10:00 | Build | Farm |
| 10:05 | Build | House |
| 10:29 | Create | Villager (Male) |
| 10:41 | Build | Palisade Wall |
| 10:45 | Build | Farm |
| 10:48 | Build | Farm |
| 10:51 | Create | Villager (Male) |
| 10:55 | Build | Archery Range |
| 10:55 | Create | Villager (Male) |
| 10:57 | Build | Mining Camp |
| 11:01 | Create | Villager (Male) |
| 11:05 | Build | Palisade Wall |
| 11:12 | Build | Palisade Wall |
| 11:16 | Create | Scout Cavalry |
| 11:27 | Research | Horse Collar |
| 11:48 | Create | Villager (Male) |
| 11:49 | Create | Archer |
| 11:52 | Build | House |
| 11:53 | Build | Palisade Wall |
| 11:54 | Build | Palisade Wall |
| 11:56 | Build | Palisade Wall |
| 12:05 | Create | Villager (Male) |
| 12:06 | Create | Archer |
| 12:18 | Build | Farm |
| 12:29 | Create | Villager (Male) |
| 12:47 | Create | Archer |
| 12:56 | Build | Blacksmith |
| 13:04 | Create | Villager (Male) |
| 13:16 | Create | Villager (Male) |
| 13:24 | Build | Farm |
| 13:25 | Create | Villager (Male) |
| 13:28 | Create | Archer |
| 13:41 | Create | Villager (Male) |
| 13:48 | Create | Villager (Male) |
| 13:49 | Build | Farm |
| 13:58 | Create | Archer |
| 13:59 | Create | Villager (Male) |
| 14:14 | Build | Palisade Wall |
| 14:14 | Create | Villager (Male) |
| 14:15 | Build | Farm |
| 14:38 | Create | Villager (Male) |
| 14:55 | Create | Villager (Male) |
| 15:03 | Create | Villager (Male) |
| 15:03 | Create | Archer |
| 15:06 | Build | House |
| 15:10 | Build | Farm |
| 15:11 | Build | Farm |
| 15:14 | Build | Farm |
| 15:30 | Build | House |
| 15:30 | Build | House |
| 15:32 | Build | Farm |
| 15:40 | Create | Archer |
| 16:19 | Create | Villager (Male) |
| 16:28 | Create | Villager (Male) |
| 16:28 | Build | Farm |
| 16:29 | Build | Farm |
| 16:31 | Create | Villager (Male) |
| 16:43 | Create | Villager (Male) |
| 16:50 | Build | Lumber Camp |
| 17:20 | Research | Castle Age |
| 17:31 | Create | Archer |
| 17:49 | Research | Fletching |
| 17:53 | Build | Archery Range |
| 18:08 | Create | Archer |
| 18:22 | Create | Archer |
| 18:45 | Create | Archer |
| 18:46 | Create | Villager (Male) |
| 19:04 | Create | Archer |
| 19:05 | Create | Villager (Male) |
| 19:09 | Create | Villager (Male) |
| 19:11 | Build | House |
| 19:15 | Create | Archer |
| 19:29 | Build | House |
| 19:30 | Build | House |
| 20:00 | Age | Castle Age |
| 20:01 | Research | Crossbowman (upgrade) |
| 20:04 | Research | Bodkin Arrow |
| 20:06 | Build | Siege Workshop |
| 20:07 | Create | Archer |
| 20:17 | Create | Archer |
| 20:23 | Create | Villager (Male) |
| 20:23 | Create | Archer |
| 20:44 | Create | Villager (Male) |
| 20:52 | Build | Town Center |
| 21:06 | Create | Mangonel |
| 21:09 | Build | House |
| 21:14 | Build | Farm |
| 21:16 | Create | Villager (Male) |
| 21:27 | Create | Archer |
| 21:32 | Create | Villager (Male) |
| 21:32 | Create | Archer |
| 21:40 | Create | Archer |
| 21:43 | Create | Villager (Male) |
| 21:44 | Build | House |
| 21:51 | Create | Mangonel |
| 22:01 | Create | Archer |
| 22:03 | Build | House |
| 22:19 | Create | Villager (Male) |
| 22:21 | Create | Archer |
| 22:24 | Build | House |
| 22:28 | Build | Farm |
| 22:28 | Build | Farm |
| 22:42 | Create | Archer |
| 22:44 | Build | House |
| 22:46 | Create | Villager (Male) |
| 22:59 | Create | Villager (Male) |
| 22:59 | Create | Archer |
| 23:04 | Build | Farm |
Match timeline
| 5:36 | Axolotl-Flöten-Beschwörer · first_building Barracks |
| 6:50 | Schrödinger · first_building Barracks |
| 7:14 | Axolotl-Flöten-Beschwörer · wall_segment Palisade Wall x5 |
| 8:34 | Schrödinger · age_up feudal |
| 8:36 | Schrödinger · first_building Stable |
| 8:54 | Axolotl-Flöten-Beschwörer · wall_segment Palisade Wall x11 |
| 9:00 | Axolotl-Flöten-Beschwörer · wall_segment Palisade Wall x10 |
| 9:20 | Axolotl-Flöten-Beschwörer · wall_segment Palisade Wall x9 |
| 10:30 | Axolotl-Flöten-Beschwörer · wall_segment Palisade Wall x5 |
| 10:41 | Schrödinger · wall_segment Palisade Wall x4 |
| 10:55 | Schrödinger · first_building Archery Range |
| 11:05 | Schrödinger · wall_segment Palisade Wall x6 |
| 11:08 | Axolotl-Flöten-Beschwörer · wall_segment Palisade Wall x8 |
| 11:12 | Schrödinger · wall_segment Palisade Wall x1 |
| 11:23 | Axolotl-Flöten-Beschwörer · wall_segment Palisade Wall x3 |
| 11:35 | Axolotl-Flöten-Beschwörer · wall_segment Palisade Wall x1 |
| 11:53 | Schrödinger · wall_segment Palisade Wall x5 |
| 11:54 | Schrödinger · wall_segment Palisade Wall x1 |
| 11:56 | Schrödinger · wall_segment Palisade Wall x4 |
| 13:01 | Axolotl-Flöten-Beschwörer · age_up feudal |
| 14:14 | Schrödinger · wall_segment Palisade Wall x5 |
| 15:28 | Axolotl-Flöten-Beschwörer · wall_segment Palisade Wall x2 |
| 18:28 | Axolotl-Flöten-Beschwörer · age_up castle |
| 19:12 | Axolotl-Flöten-Beschwörer · first_market_buy 100 wood |
| 20:00 | Schrödinger · age_up castle |
| 20:06 | Schrödinger · first_building Siege Workshop |
| 22:03 | Axolotl-Flöten-Beschwörer · first_building Siege Workshop |
| 24:08 | Axolotl-Flöten-Beschwörer · wall_segment Stone Wall x2 |
| 24:13 | Axolotl-Flöten-Beschwörer · wall_segment Stone Wall x1 |
| 25:10 | Axolotl-Flöten-Beschwörer · wall_segment Stone Wall x8 |
| 26:20 | Axolotl-Flöten-Beschwörer · first_building Castle |
| 29:45 | Schrödinger · first_building Monastery |
| 30:57 | Axolotl-Flöten-Beschwörer · wall_segment Stone Wall x8 |
| 31:51 | Schrödinger · first_market_sell 100 food |
| 34:57 | Axolotl-Flöten-Beschwörer · first_market_sell 100 food |
| 34:59 | Schrödinger · first_building Castle |
| 35:15 | Schrödinger · age_up imperial |
| 36:09 | Axolotl-Flöten-Beschwörer · resign |
[ AI ANALYSIS · 1 CREDIT ]
What really happened in this match?
Wolo.gg analyzes every decision: build order, eco, micro, common mistakes by bracket. Personalized analysis on WhatsApp or Discord in 30 seconds.
Civ guide
Maya
Perfil
Jugador #220422